 Dungeon Crawl Stone Soup version 0.23.2-30-g0e89c35649 (webtiles) character file.

Game seed: 11394334243876266242

222 Meegle the Magician (level 5, 0/28 HPs)
             Began as a Deep Elf Fire Elementalist on June 22, 2019.
             Slain by an orc priest
             ... wielding a +0 flail
              (2 damage)
             ... on level 4 of the Dungeon.
             The game lasted 00:14:32 (3061 turns).

Meegle the Magician (Deep Elf Fire Elementalist)    Turns: 3061, Time: 00:14:33

Health: 0/28       AC:  3    Str:  5    XL:     5   Next: 66%
Magic:  13/14      EV: 14    Int: 21    God:
Gold:   143        SH:  0    Dex: 15    Spells: 3/13 levels left

rFire    . . .     SeeInvis .   (no weapon)
rCold    . . .     Gourm    .   (no shield)
rNeg     . . .     Faith    .   a - +0 robe
rPois    .         Spirit   .   (no helmet)
rElec    .         Reflect  .   (no cloak)
rCorr    .         Harm     .   l - +0 pair of gloves
MR       .....                  (no boots)
Stlth    ++........             (no amulet)
HPRegen  0.09/turn              (no ring)
MPRegen  0.14/turn              (no ring)

@: no status effects
A: no striking features
a: no special abilities


You were on level 4 of the Dungeon.
You were not hungry.

You visited 1 branch of the dungeon, and saw 4 of its levels.
You also visited: Sewer.

You collected 143 gold pieces.

Inventory:

Missiles
 w - 3 poisoned tomahawks (quivered)
Armour
 a - a +0 robe (worn)
 l - a +0 pair of gloves (worn)
Jewellery
 s - an uncursed ring of wizardry {unknown}
Scrolls
 b - a scroll of random uselessness {unknown}
 g - 4 scrolls of identify {unknown}
 h - 2 scrolls of teleportation {unknown}
 i - a scroll of fear {unknown}
 k - 2 scrolls of remove curse {unknown}
 r - a scroll of immolation {unknown}
 t - a scroll of enchant weapon {unknown}
 v - a scroll of enchant armour {unknown}
Potions
 d - a potion of resistance {unknown}
 e - 3 potions of brilliance {unknown}
 j - a potion of might {unknown}
 m - a potion of agility {unknown}
 n - a potion of mutation {unknown}
 o - a potion of heal wounds {unknown}
 p - a potion of berserk rage {unknown}
 q - a potion of lignification {unknown}
 u - a potion of curing {unknown}
Comestibles
 c - 8 rations
 f - 5 chunks of flesh


   Skills:
 + Level 0.4 Fighting
 + Level 3.4 Dodging
 + Level 3.0 Stealth
 + Level 4.9 Spellcasting
 + Level 2.7 Conjurations
 + Level 4.7 Fire Magic


You had 3 spell levels left.
You knew the following spells:

 Your Spells              Type           Power        Failure   Level  Hunger
a - Flame Tongue          Conj/Fire      ###..        2%          1    None
b - Throw Flame           Conj/Fire      ###...       3%          2    None
c - Conjure Flame         Conj/Fire      ###.....     7%          3    ##.....
d - Confusing Touch       Hex            #.....       11%         1    None
e - Inner Flame           Hex/Fire       ###.....     12%         3    ##.....

Your spell library contained the following spells:

 Spells                   Type           Power        Failure   Level  Hunger
 Confuse                  Hex            #.......     32%         3    ##.....
 Gell's Gravitas          Tloc           #.........   32%         3    ##.....
 Sticky Flame             Conj/Fire      ###.....     24%         4    ####...
 Fireball                 Conj/Fire      ###.......   54%         5    #####..
 Petrify                  Tmut/Erth      #.......     73%         4    ####...
 Metabolic Englaciation   Hex/Ice        #.........   97%         5    #####..
 Yara's Violent Unravell  Hex/Tmut       #.........   97%         5    #####..


Dungeon Overview and Level Annotations

Branches:
Dungeon (4/15)
 Temple: D:4-7

Altars:
Trog

Annotations:
D:3 3 runed translucent doors, Sveporus's ghost, amateur DDNe


Message History

An orc priest comes into view.
The orc priest calls down the wrath of Beogh upon you.
Pain shoots through your body!
Ouch! That really hurt!
The orc priest shouts!
You hear a shout!
The orc priest mumbles some strange prayers to Beogh against you.
Pain shoots through your body!
* * * LOW HITPOINT WARNING * * *
The orc shouts!
Found a scroll labeled XOCHEI VAJORUM.
Found a stone staircase leading down.
Casting: Flame Tongue (safe; 2% risk of failure)
Confirm with . or Enter, or press ? or * to list all spells.
Aiming: Flame Tongue (safe; 2% risk of failure)
Press: ? - help, Shift-Dir - straight line, f - orc priest
Aim: an orc priest, wielding a +0 flail The flame tongue hits the orc priest.
The orc priest is moderately wounded.
An orc comes into view. It is wielding a +0 mace.
The orc priest hits you with a +0 flail.
You die...

... #.# ####.## ... #..
.. # #.# #.##.# .#
#.#####.##.##.# ###
#.#...........####
..o..##o#.##...........#
#o...@..##..#..#..##.#
?.o..##........<........
>#. ###.#####.....##.#
#.#####..#####.#
#.........####.#
...#####........# ###
#...###### #...# ###
#...# #..


You could see 2 orc priests and 2 orcs.

Vanquished Creatures
  A merfolk siren (Sewer)
  A merfolk avatar (Sewer)
  6 adders
  2 river rats (Sewer)
  2 dart slugs
  5 leopard geckos
  An orc (D:3)
  5 ball pythons
  6 bats
  8 giant cockroaches
  14 goblins
  3 hobgoblins
  4 jackals (D:1)
  8 frilled lizards
  6 kobolds
  31 rats
103 creatures vanquished.

Notes
Turn   | Place    | Note
-------+----------+-------------------------------------------
     0 | D:1      | Meegle the Deep Elf Fire Elementalist began the quest for
                  | the Orb.
     0 | D:1      | Reached XP level 1. HP: 10/10 MP: 6/6
   165 | D:1      | Reached XP level 2. HP: 15/15 MP: 1/8
   812 | D:1      | Reached XP level 3. HP: 19/19 MP: 3/9
   897 | D:1      | Learned a level 2 spell: Throw Flame
   901 | D:1      | Learned a level 3 spell: Conjure Flame
   958 | D:2      | Found a bloodstained altar of Trog.
  1800 | D:3      | Found a runed translucent gate.
  1800 | D:3      | Found a runed translucent gate.
  1800 | D:3      | Found a runed translucent gate.
  1801 | D:3      | Noticed Sveporus's ghost (amateur DDNe)
  1831 | D:3      | Reached XP level 4. HP: 24/24 MP: 8/11
  1898 | D:3      | Found a glowing drain.
  1922 | Sewer    | Entered a sewer
  1994 | Sewer    | Learned a level 1 spell: Confusing Touch
  2334 | Sewer    | Reached XP level 5. HP: 28/28 MP: 10/13
  2349 | Sewer    | Learned a level 3 spell: Inner Flame
  3061 | D:4      | Slain by an orc priest

Skill      XL: |  1  2  3  4  5 |
---------------+----------------+-----
Dodging        | 3 |  3.4
Fire Magic     | 4 |  4.7
Conjurations   | 2 |  2.7
Spellcasting   | 4 |  4.9
Stealth        | 3 |  3.0
Fighting       | |  0.4

Action                   |  1- 3 |  4- 6 || total
-------------------------+-------+-------++-------
 Cast: Flame Tongue      |    76 |    79 ||   155
       Conjure Flame     |     1 |       ||     1
       Throw Flame       |       |     3 ||     3
  Eat: Chunk             |     3 |     4 ||     7
Armor: Robe              |     5 |     1 ||     6
Dodge: Dodged            |    15 |    14 ||    29
